 Dungeon Crawl Stone Soup version 0.31-a0-702-gf82c85558f (webtiles) character file.

Game seed: 12615496382354667896

322 IdlyInterested the Trooper (level 6, -5/51 HPs)
             Began as a Demonspawn Monk on Sept 8, 2023.
             Slain by a gnoll
             ... wielding a +0 flail
             ... led by a gnoll bouda
              (9 damage)
             ... on level 4 of the Dungeon.
             The game lasted 00:09:17 (2674 turns).

IdlyInterested the Trooper (Demonspawn Monk)        Turns: 2674, Time: 00:09:18

Health: -5/51      AC: 14    Str: 13    XL:     6   Next: 22%
Magic:  6/6        EV:  7    Int: 12    God:
Gold:   106        SH:  0    Dex: 15    Spells: 5/5 levels left

rFire   . .          .
                       - Unarmed
rCold   . . .        (no shield)
rNeg    . . .        C - +0 chain mail
rPois   .            s - +2 hat
rElec   .            (no cloak)
rCorr   .            o - +0 pair of gloves
SInv    +            p - +0 pair of boots
Will    +....        (no amulet) Stlth
                     i - ring of willpower
HPRegen 0.28/turn    w - ring of see invisible
MPRegen 0.10/turn

%: no passive effects
@: no status effects
A: molten scales 1, ignite blood 1
a: no special abilities


You were on level 4 of the Dungeon.
You visited 1 branch of the dungeon, and saw 4 of its levels.

You collected 106 gold pieces.

Inventory:

Hand Weapons
 g - a +0 dagger
 j - a +0 short sword
Missiles
 e - 28 stones (quivered)
 y - 3 silver javelins
Armour
 a - a +0 robe
 c - an orb of light
 o - a +0 pair of gloves (worn)
 p - a +0 pair of boots (worn)
 s - a +2 hat (worn)
 B - a +0 leather armour
 C - a +0 chain mail (worn)
Magical Staves
 r - a staff of death
Jewellery
 i - a ring of willpower (left hand)
 l - a ring of magical power
 w - a ring of see invisible (right hand)
Wands
 z - a wand of polymorph (3)
Scrolls
 d - a scroll of teleportation {unknown}
 h - a scroll of blinking
 n - a scroll of identify {unknown}
 q - a scroll of fear {unknown}
 u - a scroll of vulnerability
 v - a scroll of enchant weapon {unknown}
 x - a scroll of amnesia
 A - a scroll of revelation {unknown}
 G - a scroll of noise {unknown}
 H - a scroll of silence {unknown}
Potions
 f - a potion of lignification
 k - a potion of brilliance {unknown}
 m - a potion of degeneration {unknown}
 t - a potion of haste {unknown}
 D - a potion of heal wounds {unknown}
 E - a potion of mutation {unknown}
 F - 2 potions of curing {unknown}


   Skills:
 - Level 5.0 Fighting
 - Level 2.0 Throwing
 - Level 1.0 Armour
 - Level 2.6 Dodging
 - Level 1.0 Stealth
 - Level 1.0 Shields
 + Level 4.0 Unarmed Combat
 - Level 1.0 Evocations
 * Level 0.0 Shapeshifting


You had 5 spell levels left.
You didn't know any spells.
Your spell library contained the following spells:

 Spells                   Type           Power      Damage    Failure   Level
 Apportation              Tloc           0%         N/A       100%        1
 Sandblast                Erth           0%         2d4       100%        1
 Jinxbite                 Hex            0%         N/A       100%        2
 Lesser Beckoning         Tloc           0%         N/A       100%        2
 Passwall                 Tmut/Erth      0%         N/A       100%        2
 Gell's Gravitas          Tloc           0%         N/A       100%        3
 Stone Arrow              Conj/Erth      0%         3d7       100%        3
 Teleport Other           Tloc           0%         N/A       100%        3
 Alistair's Intoxication  Tmut/Pois      0%         N/A       100%        5


Dungeon Overview and Level Annotations

Branches:
Dungeon (4/15)
 Temple: D:4-7

Altars:

Annotations:
D:4 Grinder, Pikel


Innate Abilities, Weirdness & Mutations

You are partially covered in molten scales. (AC +2)
Your demonic aura sometimes causes spilled blood to erupt in flames.


Message History

The gnoll hits you but does no damage. x3
You bump into the rock wall.
The gnoll bouda hits you with a +0 whip!
* * * LOW HITPOINT WARNING * * *
The gnoll hits you but does no damage. x3
Unknown command.
You miss the gnoll.
The gnoll is no longer moving quickly.
The gnoll bouda barks out a call to the hunt!
The gnoll picks up the pace!
The gnoll hits you but does no damage. The gnoll hits you with a +0 flail.
* * * LOW HITPOINT WARNING * * *
The gnoll hits you but does no damage.
You hit the gnoll.
The gnoll is heavily wounded.
Your attacks no longer feel as feeble.
The gnoll bouda hits you with a +0 whip.
* * * LOW HITPOINT WARNING * * *
The gnoll hits you but does no damage. The gnoll barely misses you.
You bump into the rock wall.
The gnoll is no longer moving quickly.
The gnoll hits you but does no damage.
The gnoll bouda barks out a call to the hunt!
The gnoll picks up the pace!
The gnoll barely misses you. x2
You're too confused to move!
The gnoll is no longer moving quickly.
The gnoll hits you but does no damage.
The gnoll bouda hits you with a +0 whip.
* * * LOW HITPOINT WARNING * * *
The gnoll hits you with a +0 club.
* * * LOW HITPOINT WARNING * * *
The gnoll closely misses you.
You hit the gnoll but do no damage.
The gnoll is heavily wounded.
You feel less invigorated.
You feel less confused. The gnoll hits you with a +0 club.
* * * LOW HITPOINT WARNING * * *
The gnoll bouda closely misses you. The gnoll hits you with a +0 club.
* * * LOW HITPOINT WARNING * * *
The gnoll hits you with a +0 flail!
You die...

##.....#.+
##........#
#.........##
#...........
#...........
#..<........
#...........
##ggg:......
##@g...#...
####### ##


You could see a gnoll bouda and 3 gnolls.

Vanquished Creatures
  The ghost of Pokonic1 the Trooper, an amateur DsFi (D:3)
  An ogre (D:3)
  An iguana (D:3)
  2 adders (D:3)
  6 bats
  4 endoplasms
  3 giant cockroaches
  6 goblins
  4 hobgoblins
  3 jackals (D:3)
  4 kobolds
  3 quokkas
  4 ball pythons
  4 frilled lizards
  7 rats
53 creatures vanquished.

Notes
Turn   | Place    | Note
-------+----------+-------------------------------------------
     0 | D:1      | IdlyInterested the Demonspawn Monk began the quest for the
                  | Orb.
     0 | D:1      | Reached XP level 1. HP: 18/18 MP: 1/1
   444 | D:1      | Reached skill level 1 in Armour
   473 | D:1      | Gained mutation: You are partially covered in molten
                  | scales. (AC +2) [demonic ancestry]
   473 | D:1      | Reached XP level 2. HP: 21/24 MP: 2/2
   724 | D:1      | Reached skill level 1 in Stealth
  1484 | D:2      | Gained mutation: Your demonic aura sometimes causes spilled
                  | blood to erupt in flames. [demonic ancestry]
  1484 | D:2      | Reached XP level 3. HP: 29/29 MP: 3/3
  1854 | D:3      | Reached skill level 1 in Throwing
  2179 | D:3      | Found a runed translucent gate.
  2181 | D:3      | Noticed an ogre
  2183 | D:3      | Found a runed translucent gate.
  2183 | D:3      | Noticed Pokonic1's ghost (amateur DsFi)
  2185 | D:3      | Found a runed translucent gate.
  2539 | D:3      | Reached XP level 4. HP: 35/35 MP: 4/4
  2553 | D:3      | Killed an ogre
  2554 | D:3      | Reached skill level 4 in Fighting
  2554 | D:3      | Reached skill level 1 in Evocations
  2554 | D:3      | Reached XP level 5. HP: 42/42 MP: 5/5
  2565 | D:3      | Killed Pokonic1's ghost
  2566 | D:3      | Reached skill level 5 in Fighting
  2566 | D:3      | Reached skill level 1 in Shields
  2566 | D:3      | Reached XP level 6. HP: 51/51 MP: 6/6
  2622 | D:4      | Noticed Grinder
  2622 | D:4      | Noticed Pikel
  2667 | D:4      | HP: 2/51 [gnoll/+0 flail[a gnoll bouda] (2)]
  2674 | D:4      | Slain by a gnoll

Illustrated notes

Levels and vault maps discovered:
D:1:      dpeg_arrival_circle_labyrinth_a, layout_basic
D:2:      layout_basic
D:3:      layout_rooms, gammafunk_ghost_split, serial_glass, glass_columns_c,
          glass_columns_a, st_stairs_1
D:4:      layout_rooms, nicolae_hepliaklqana_monster_ancestors,
          nicolae_gozag_cash_rules_everything_around_me,
          minmay_temple_entry_waves, serial_shops, shop,
          kennysheep_generic_room_14, uniq_grinder, uniq_pikel

Skill      XL: |  1  2  3  4  5 |
---------------+----------------+-----
Armour         | 1 |  1.0
Unarmed Combat | 3 4 |  4.0
Stealth        | 1 |  1.0
Throwing       | 1 2 |  2.0
Fighting       | 4 5 |  5.0
Evocations     | 1 |  1.0
Shields        | 1 |  1.0
Dodging        | |  2.6

Action                     |  1- 3 |  4- 6 || total
---------------------------+-------+-------++-------
  Melee: Unarmed           |   170 |    35 ||   205
         Punch             |     1 |     1 ||     2
  Throw: Stone             |       |     7 ||     7
         Javelin           |       |     3 ||     3
    Use: Scroll            |     3 |       ||     3
         Potion            |     1 |     2 ||     3
 Armour: Robe              |    58 |       ||    58
         Chain mail        |    47 |    52 ||    99
         Skin              |       |    11 ||    11
  Dodge: Dodged            |    95 |    21 ||   116

Table legend: (Time is in decaauts)
 A = Elapsed time spent in this place.
 B = Non-inter-level travel time spent in this place.
 C = Inter-level travel time spent in this place.
 D = Time resting spent in this place.
 E = Time spent auto-exploring this place.
 F = Levels seen in this place.
 G = Mean time per level.
                   A        B        C        D        E       F      G
               +--------+--------+--------+--------+--------+-----+--------+
         Total |   2662 |   2397 |    265 |    311 |   1342 |   4 |  665.5 |
       Dungeon |   2662 |   2397 |    265 |    311 |   1342 |   4 |  665.5 |
               +--------+--------+--------+--------+--------+-----+--------+

Top non-repeatable levels by time:
     D:1: 1080 daAuts
     D:2: 829 daAuts
     D:3: 726 daAuts
     D:4: 26 daAuts
